AoeStats
← Ugomez

Arena

509953526Analyzed
3v3 RM · 4d ago on Sep 28, 2026· 51m 19s· 6 players
Game mode
Random Map
Map size
Normal (6 player)
Population
200
Speed
Normal
Resources
Standard
Victory
Conquest
Starting age
Dark Age
Ending age
Imperial Age
RankedLock teamsTeams togetherTeam positionsShared explorationLock speedFull tech treeHidden civsTurbo modeCheats
Victory
Defeat
🇮🇹 Romans · Italy
831
+16
🇹🇷 Italians · Türkiye
816
+16
🇪🇸 Goths · Spain
814
+16
🇪🇸 Byzantines · Spain
1000
-80
🇪🇸 Spanish · Spain
822
-16
🇪🇸 Khmer · Spain
651
-9
SerMan911
0:42 Loom
14:07 Feudal Age
19:39 Castle Age
18:52 Man-at-Arms
21:14 Wheelbarrow
20:59 Stone Mining
21:25 Double-Bit Axe
22:08 Squires
23:45 Bow Saw
25:06 Hand Cart
27:57 Scale Mail Armor
30:30 Anarchy
32:10 Horse Collar
32:55 Forging
35:52 Imperial Age
33:53 Long Swordsman
33:54 Pikeman
36:46 Perfusion
37:07 Conscription
37:43 Elite Huskarl
39:01 Iron Casting
38:41 Chain Mail Armor
49:28 Two-Handed Swordsman
CrazyHorse
WuLuDuDu
10:49 Feudal Age
11:48 Double-Bit Axe
17:18 Castle Age
16:26 Stone Mining
18:51 Stone Shaft Mining
18:05 Horse Collar
22:53 Gold Mining
29:11 Imperial Age
27:19 Fletching
27:29 Padded Archer Armor
29:09 Wheelbarrow
33:30 Bodkin Arrow
33:50 Leather Archer Armor
33:51 Elite Skirmisher
34:33 Bracer
35:08 Bow Saw
36:06 Ballistics
36:47 Chemistry
36:21 Conscription
36:44 Ring Archer Armor
39:27 Pirotechnia
Ugomez
3:02 Loom
12:18 Feudal Age
13:38 Horse Collar
17:51 Castle Age
16:03 Double-Bit Axe
17:27 Fletching
19:13 Bodkin Arrow
20:01 Wheelbarrow
20:29 Wheelbarrow
24:16 Heavy Plow
24:07 Crossbowman
25:28 Padded Archer Armor
25:51 Pikeman
27:34 Gold Mining
31:58 Imperial Age
31:00 Gold Shaft Mining
32:50 Thumb Ring
32:07 Arbalester
33:55 Hand Cart
33:57 Bracer
37:07 Chemistry
36:29 Ballistics
37:53 Halberdier
39:05 Scale Barding Armor
39:16 Leather Archer Armor
38:35 Cavalier
40:09 Crop Rotation
39:32 Stone Mining
43:19 Chemistry
42:04 Paladin
43:31 Elite Skirmisher
45:58 Man-at-Arms
46:54 Long Swordsman
51:01 Forging
Lima3
11:34 Feudal Age
12:58 Wheelbarrow
12:14 Horse Collar
13:24 Double-Bit Axe
15:06 Loom
21:43 Castle Age
27:45 Hand Cart
32:32 Bow Saw
34:23 Gold Mining
40:29 Imperial Age
38:39 Man-at-Arms
39:05 Gambesons
40:24 Light Cavalry
41:15 Bloodlines
41:05 Husbandry
41:51 Thumb Ring
45:04 Imperial Age
SeTaZ
9:46 Feudal Age
14:07 Double-Bit Axe
16:00 Horse Collar
18:42 Castle Age
23:26 Bow Saw
29:25 Wheelbarrow
28:39 Town Watch
29:31 Tusk Swords
31:43 Scale Barding Armor
33:15 Hand Cart
33:27 Ballistics
42:57 Imperial Age
41:11 Chain Barding Armor
40:52 Scale Mail Armor
40:45 Fletching
45:38 Chemistry
44:22 Man-at-Arms
46:53 Heavy Scorpion
48:00 Murder Holes
47:31 Long Swordsman
Connection lost

Rejoining the realm…

Still unreachable

The connection could not be restored.

Session expired

The server has moved on; the page needs a fresh start.